Cogmind - Beta 16 @@@ ROGUE MODE // 2026.01.05 @ 22:45:18 Player: Peregrine Result: Destroyed by G-34 Mercenary with Small Laser Performance ------------- Evolutions (0) 0 Regions Visited (1) 200 Robots Destroyed (15) 75 Value Destroyed (234) 234 Prototype IDs (0) 0 Alien Tech Used (0) 0 Bonus (0) 0 TOTAL SCORE: 509 Bonus ------- None Cogmind --------- Core Integrity 0/250 Matter 202/300 Energy 69/250 System Corruption 2% Temperature Cool (6) Movement Walking (400) Ox4 Location -10/Materials Parts ------- > --- POWER (1) -------- Ion Engine > --- PROPULSION (2) --- Aluminum Leg Aluminum Leg > --- UTILITY (2) ------ Huge Storage Unit Targeting Computer > --- WEAPON (2) ------- Assault Rifle > --- INVENTORY (25) --- Light Ion Engine Wheel Compact Wheel Small Storage Unit Mining Claw Peak State ------------ > --- POWER ------------ Light Ion Engine > --- PROPULSION ------- Wheel Compact Wheel > --- UTILITY ---------- Huge Storage Unit Targeting Computer > --- WEAPON ----------- Medium Laser Light Cannon > --- INVENTORY -------- Ion Engine Light Ion Engine Aluminum Leg Aluminum Leg Compact Wheel Compact Wheel Small Storage Unit Medium Laser Assault Rifle Mining Claw [Rating: 8] Favorites ----------- Power Light Ion Engine Engine Light Ion Engine Propulsion Compact Wheel Leg Aluminum Leg Wheel Compact Wheel Utility Targeting Computer Storage Huge Storage Unit Processor Targeting Computer Weapon Medium Laser Energy Gun Medium Laser Ballistic Gun Assault Rifle Ballistic Cannon Light Cannon Build | -11 -10 ------- Run | Yrd Mat Slots Evolved . | . . Power . | . . Propulsion . | . . Utility . | . . Weapon . | . . Parts Attached 14 | . 14 Power 1 | . 1 Engine 1 | . 1 Core . | . . Reactor . | . . Propulsion 8 | . 8 Treads . | . . Leg 2 | . 2 Wheel 6 | . 6 Hover . | . . Flight . | . . Utility 2 | . 2 Device . | . . Storage 1 | . 1 Processor 1 | . 1 Hackware . | . . Protection . | . . Artifact . | . . Weapon 3 | . 3 Energy Gun 1 | . 1 Energy Cannon . | . . Ballistic Gun 1 | . 1 Ballistic Cannon 1 | . 1 Launcher . | . . Special Weapon . | . . Impact Weapon . | . . Slashing Weapon . | . . Piercing Weapon . | . . Special Melee Weapon . | . . Unidentified Prototypes . | . . Parts Lost 6 | . 6 Power 1 | . 1 Propulsion 2 | . 2 Utility . | . . Weapon 3 | . 3 Highest Loss Streak 4 | . 4 To Critical Strikes . | . . Average Backups 8 | . 8 Power 1 | . 1 Propulsion 3 | . 3 Utility . | . . Weapon 2 | . 2 Tool/Special . | . . Unused Backups 4 | . 4 Power . | . . Propulsion 1 | . 1 Utility 2 | . 2 Weapon 1 | . 1 Tool/Special . | . . Average Slot Usage (%) 95 | . 95 Engine 12 | . 12 Leg 3 | . 3 Wheel 22 | . 22 Storage 14 | . 14 Processor 13 | . 13 Energy Gun 13 | . 13 Ballistic Gun 2 | . 2 Ballistic Cannon 11 | . 11 Peak Build Rating 8 | . 8 Average Rating 7 | . 7 On Entrance 6 | 6 6 Avg Prop Armor Cover (%) . | . . Naked Turns . | . . Heaviest Build 88 | 12 88 Greatest Support 32 | 20 32 Greatest Overweight (x) 8 | . 8 Average Overweight (x) 2 | . 2 Largest Inventory Capacity 25 | . 25 Average Capacity 23 | . 23 Most Carried 11 | . 11 Average Carried 8 | . 8 Final Capacity 25 | 8 25 Final Carried 6 | 6 5 Class Distribution -------------------- 100% | Mutant Dominant Class ---------------- Mutant | -10/Materials Resources | -11 -10 ----------- Run | Yrd Mat Matter Collected 415 | 200 215 Remotely . | . . Salvage Created 395 | . 395 Parts 31 | . 31 Haulers Intercepted 1 | . 1 Recyclers Shooed . | . . Parts Field Recycled . | . . Retrieved Matter . | . . Parts Self-Destructed . | . . Prevented . | . . Parts Restored . | . . Kills | -11 -10 ------- Run | Yrd Mat Combat Hostiles Destroyed 9 | . 9 Guns 4 | . 4 Cannons 5 | . 5 Classes Destroyed 7 | . 7 Worker 1 | . 1 Builder 2 | . 2 Hauler 1 | . 1 Recycler 1 | . 1 Watcher 1 | . 1 Swarmer 5 | . 5 Grunt 4 | . 4 Best Kill Streak 4 | . 4 Combat Bots Only 3 | . 3 Max Kills in Single Turn 1 | . 1 Gunslinging . | . . Exploded . | . . Melee . | . . Uniques/NPCs Destroyed . | . . Combat | -11 -10 -------- Run | Yrd Mat Hostile Shots Fired 97 | . 97 Missed 24 | . 24 Hits 73 | . 73 Projectile 73 | . 73 Critical Strikes 1 | . 1 Damage Taken 790 | . 790 Core 251 | . 251 Absorbed by Shields . | . . Core Remaining (%) 100 | 100 . Volleys Fired 54 | . 54 Largest 2 | . 2 Hottest 100 | . 100 Shots Fired 104 | . 104 Gun 68 | . 68 Cannon 36 | . 36 Launcher . | . . Special . | . . Kinetic 53 | . 53 Thermal 51 | . 51 Explosive . | . . Electromagnetic . | . . Robot Hit Streak 11 | . 11 Robot Miss Streak 3 | . 3 Penetration Max . | . . Secondary Targets . | . . Shots Hit Robots 76 | . 76 Core Hits 20 | . 20 Critical Kills . | . . Critical Parts Destroyed . | . . Critical Strikes 4 | . 4 Burn 2 | . 2 Blast 2 | . 2 Melee Attacks . | . . Impact . | . . Slashing . | . . Piercing . | . . Sneak Attacks . | . . Combat Hostiles . | . . Follow-up Attacks . | . . Damage Inflicted 1134 | . 1134 Guns 664 | . 664 Cannons 461 | . 461 Explosions . | . . Melee . | . . Ramming 9 | . 9 Kinetic 638 | . 638 Thermal 487 | . 487 Explosive . | . . Electromagnetic . | . . Impact . | . . Slashing . | . . Piercing . | . . Highest Corruption 2 | . 2 Average Corruption 2 | . 2 Corruption Purged . | . . Corruption Blocked . | . . Effects 2 | . 2 Message Errors 1 | . 1 Matter Fused 1 | . 1 Overload Shots . | . . Overflow Damage 9 | . 9 Projectiles 9 | . 9 Explosions . | . . Melee . | . . Knockbacks 10 | . 10 Impact . | . . Kinetic 8 | . 8 Secondary 2 | . 2 Self-Inflicted Damage 4 | . 4 Shots . | . . Rammed 2 | . 2 Targets Rammed 2 | . 2 Kicked . | . . Crushed . | . . Highest Temperature 171 | . 171 Average Temperature 38 | . 38 Received Heat Transfer 330 | . 330 Siege Activations . | . . Martial Activations . | . . Shielding Activations . | . . Robots Disrupted . | . . Combat Hostiles . | . . Robots Corrupted . | . . Combat Hostiles . | . . Parts Fried . | . . Impact Corruptions . | . . Robots Melted . | . . Combat Hostiles . | . . Parts Melted 2 | . 2 Heat Transferred 1591 | . 1591 Parts Sabotaged . | . . Parts Stolen . | . . Parts Stripped . | . . Power Chain Reactions . | . . Alert | -11 -10 ------- Run | Yrd Mat Maximum Alert Level 1 | . 1 Low Security (%) 99 | . 99 Level 1 . | . . Level 2 . | . . Level 3 . | . . Level 4 . | . . Level 5 . | . . High Security . | . . Max Security . | . . Peak Influence 205 | . 205 Initial . | . . Average 81 | . 81 Influence Increases 406 | . 406 Destroy 0b10 Robot/C 180 | . 180 Destroy 0b10 Robot/NC 30 | . 30 Destroy Leader 34 | . 34 Successful Hack 9 | . 9 Select Force Hacks 60 | . 60 Destroy Structure 3 | . 3 Partial Spotted 15 | . 15 Lose Combat Pursuer 75 | . 75 Influence Decreases 252 | . 252 Time Decay 192 | . 192 Lost Part 60 | . 60 Squads Dispatched 3 | . 3 Investigation 2 | . 2 Extermination . | . . Reinforcement 1 | . 1 Assault . | . . Garrison . | . . Intercept . | . . Searches Triggered . | . . Construction Impeded . | . . Haulers Reinforced . | . . Active Scanning Responses . | . . Cargo Convoy Interrupts . | . . Stealth | -11 -10 --------- Run | Yrd Mat Distress Signals 3 | . 3 Communications Jammed . | . . Distress Signals . | . . Times Spotted 24 | . 24 Peak Tracking Total 8 | . 8 Tactical Retreats 3 | . 3 Traps | -11 -10 ------- Run | Yrd Mat Traps Triggered . | . . Indirectly . | . . Trap Hack Attempts . | . . Triggered . | . . Disarmed . | . . Reprogrammed . | . . Reused . | . . Traps Extracted . | . . Installed . | . . Triggered . | . . Machines | -11 -10 ---------- Run | Yrd Mat Machines Disabled . | . . Max in Single Turn . | . . Machines Repaired . | . . Machines Dismantled . | . . Machines Sabotaged . | . . Overloaded Fab Kills . | . . Hacking | -11 -10 --------- Run | Yrd Mat Machines Accessed 5 | . 5 Terminals 3 | . 3 Fabricators . | . . Repair Stations . | . . Recycling Units 2 | . 2 Scanalyzers . | . . Garrison Access . | . . Total Hacks 10 | . 10 Successful 7 | . 7 Failed 3 | . 3 Catastrophic . | . . Database Lockouts . | . . Manual 8 | . 8 Terminals 7 | . 7 Fabricators . | . . Repair Stations . | . . Recycling Units 3 | . 3 Scanalyzers . | . . Garrison Access . | . . Terminal Hacks 2 | . 2 Zone Layout 2 | . 2 Fabricator Hacks . | . . Repair Station Hacks . | . . Recycling Unit Hacks . | . . Scanalyzer . | . . Garrison Access Hacks . | . . Unauthorized Hacks 5 | . 5 Terminals 3 | . 3 Botnet 3 | . 3 Fabricators . | . . Repair Stations . | . . Recycling Units 2 | . 2 Tunnel 2 | . 2 Scanalyzers . | . . Garrison Access . | . . Data Cores Recovered . | . . Used . | . . Hacking Detections 2 | . 2 Full Trace Events . | . . Feedback Events . | . . Feedback Blocked . | . . Robot Schematics Acquired . | . . Robots Built . | . . Authchips . | . . Time . | . . Total Robot Build Rating . | . . Part Schematics Acquired . | . . Parts Built . | . . Authchips . | . . Time . | . . Total Part Build Rating . | . . Part Studies Acquired . | . . Parts Repaired . | . . Time . | . . Parts Recycled . | . . Recycled Matter . | . . Retrieved Matter . | . . Retrieved Components . | . . Parts Scanalyzed . | . . Part Schematics Acquired . | . . Parts Damaged . | . . Bothacking | -11 -10 ------------ Run | Yrd Mat Used RIF Installer . | . . Robots Hacked . | . . Non-combat . | . . Combat . | . . Robot Hacks Applied . | . . Relay Couplers Released . | . . Fabnet Peak Effective % . | . . Robots Rewired . | . . Allies Hacked . | . . Hacks Repelled . | . . Allies | -11 -10 -------- Run | Yrd Mat Total Allies . | . . Largest Group . | . . Highest-Rated Group . | . . Highest-Rated Ally . | . . Total Orders . | . . Ally Attacks . | . . Total Damage . | . . Kills . | . . Allies Corrupted . | . . Allies Melted . | . . Intel | -11 -10 ------- Run | Yrd Mat Active Infowar (turns) . | . . Robot Analysis Total . | . . Derelict Logs Recovered . | . . Drone Launches . | . . Drone Recoveries . | . . Exploration | -11 -10 ------------- Run | Yrd Mat Turns Passed 590 | . 590 Spaces Moved 233 | 1 232 Core . | . . Treads . | . . Legs 49 | 1 48 Wheels 184 | . 184 Hover . | . . Flight . | . . Fastest Speed 120 | 120 120 Average Speed 132 | 120 132 Slowest Speed 200 | 120 200 Overloaded Moves . | . . Propulsion Burnouts . | . . Robots Hopped . | . . Potential Cave-ins . | . . Cave-ins Triggered . | . . Exploration Rate (%) 23 | 2 45 Regions Visited 1 Branch Regions . Pre-discovered Areas 2 | . 2 Known Exits Taken . | . . Unknown Exits Taken 1 | 1 . Scrap Searched . | . . Spaces Dug . | . . Terrain Destroyed . | . . Melee . | . . Projectile . | . . AOE . | . . Terrain Rammed . | . . Walls Destroyed . | . . Machines Disabled . | . . Actions | -11 -10 --------- Run | Yrd Mat Total 411 | . 411 Wait 92 | . 92 Move 232 | . 232 Hop . | . . Pick Up 11 | . 11 Fast Attach . | . . Attach 7 | . 7 Detach . | . . Swap 7 | . 7 Drop 6 | . 6 Fire 54 | . 54 Melee . | . . Ram 2 | . 2 Kick . | . . Crush . | . . Escape Stasis . | . . Rewire . | . . Trap . | . . Miscellaneous . | . . Route ------- -11/Scrapyard -10/Materials History --------- Turn | Location | Event 1 | -11/Scrapyard | Discovered new exit (range 0) 1 | -11/Scrapyard | Entered Materials 311 | -10/Materials | Build established: Mutant 525 | -10/Materials | Core integrity fell below 50% 533 | -10/Materials | Core integrity fell below 20% 559 | -10/Materials | Lost 4 parts (1p1n2w) 591 | -10/Materials | Destroyed by G-34 Mercenary with Small Laser Last Messages --------------- 00525_ S-10 Pest destroyed. 00525_ Acquired 1 matter. 00526_ Lgt. Ion Engine destroyed. 00526_ K-01 Serf collects debris. 00528_ Wheel destroyed. 00529_ K-01 Serf collects debris. 00544_ S-10 Pest destroyed. 00556_ G-34 Mercenary destroyed. 00568_ Wheel destroyed. 00569_ K-01 Serf collects debris. 00571_ W-16 Scout sends out distress signal. 00580_ G-47 Trooper heat spikes uncontrollably. 00580_ G-47 Trooper overheating. 00582_ Med. Laser destroyed. 00583_ G-47 Trooper heat damages Imp. Heat Sink, Particle Gun. 00585_ G-47 Trooper heat damages Particle Gun, Imp. Heat Sink, Lgt. Nuclear Core. 00585_ Destroyed Particle Gun. 00587_ U-05 Engineer builds a Door. 00589_ K-01 Serf collects debris. Map ----- +----------------------------------------------------+ | ?????????????????????????????????????????????????? | | ?????????????????????????????????????????????????? | | ?????????????????????????????????????????????????? | | ?????????????????????????????????????????????????? | | ?????????????????????????????????????????????????? | | ?????????????????????????????????????????????????? | | ?????????????????????????????????????????????????? | | ?????????????????????????????????????????????????? | | ?????????????????????????????????????????????????? | | ?????????????????????????????????????????????????? | | ?????????????????????????????????????????????????? | | ?????????????????????????????????????????????????? | | ?????????????????????????????????????????????????? | | ?????????????################### """ ##???+?? | | ????????????? # #???? ?? | | ????????????? + #???? ## | | ????????????? # #### | | ????????????? # ######## ? | | ???????????? # #??????# % | | ????????????? # #??????# """ """ """ | | ????????????? # ######## """ """ """ | | ????????????? # # # """ """ """ | | ????????????? + #! """ # | | ?????????????##+#####u =#[ """ # | | ??????????????# #???# ug= """ # """^ """ """ | | ??????????????# #???# #@ # """ """^ """ | | ??????????????# #???# #% ! # """ """ """ | | ??????????????# #??## ######## % | | ?????????????## ##?# ###T### / | | ?????????????# #?# [ % | | ?????????????# #?# !%= |=###"T"#" "###/# | | ?????????????# #?# ==! [%#?#"""#"Y"# | | ?????????????# #?# [########+########"""# "" | | ?????????????# #### ##??# *%=! #??##### R | | ????????????? #?# %#???# !* #??????# "" | | ????????????? #?# #???# !! #??????# | | ????????????? #?# #???# !! #??????# """ | | ????????????? #?# #???# #??????# """ | | ????????????? #?# #???# [ #??????# """ | | ?????????????# ##?# #???# #??????# | | ?????????????# #??# #???# #??????# """ | | ?????????????# #??# #???###########??????# ""? | | ?????????????# #??# #?????????????######?# ??? | | ?????????????# #### ############### ?# ??? | | ???????????????????? ???????????????????????##??? | | ???????????????????? ????????????????????????????? | | ?????????????????????????????????????????????????? | | ?????????????????????????????????????????????????? | | ?????????????????????????????????????????????????? | | ?????????????????????????????????????????????????? | +----------------------------------------------------+ Best States ------------- Heat Dissipation 25 Energy Generation 10 Energy Capacity 250 Matter Stores 300 Matter Capacity 300 Sight Range 16 Terrain Scan Density 10 Evasion (%) 55 Targeting Accuracy 5 Item Schematics ----------------- None Robot Schematics ------------------ None Fabricated ------------ Nothing Repaired ---------- Nothing Studied --------- None Alien Tech Used ----------------- None Achievements -------------- None Challenges ------------ None Game ------ Seed TargetingTrackerAccelerator Manual? 0 Play Time 00:11:24 Cumulative 148.8 hours Start 2026.01.05 @ 22:39:09 End 2026.01.05 @ 22:45:18 Sessions 1 Manual Loads 0 Difficulty Rogue Special Mode None Game No. 180 Rogue 165 Adventurer 15 Explorer 0 Win Type - Total 7 Types 3/0/2/1/0/0/1/0/0/0 Lore% 52 Gallery% 68 Achievement% 49 Wizard Run 0 Options --------- Layout 0 ASCII 0 Keyboard 0 Movement Mouse Keybinds 0 Fullscreen 2 Font 36/Smallcaps Map View 76x50 Zoom Use 0% Tactical HUD 1 Map Filters NONE Filters NONE Steam 1 RUN: 9ab91dbc-5f0f-474c-b809-b2a282fec8c6